 Dungeon Crawl Stone Soup version 0.27-a0-1200-g94dc6ad4cf (webtiles) character file.

Game seed: 10223059831201244472

1199 mlvdm the Digger (level 8, -2/43 HPs)
             Began as a Gargoyle Earth Elementalist on June 1, 2021.
             Slain by a black bear (6 damage)
             ... on level 6 of the Dungeon.
             The game lasted 00:11:00 (7934 turns).

mlvdm the Digger (Gargoyle Earth Elementalist)      Turns: 7934, Time: 00:11:01

Health: -2/43      AC:  7    Str: 13    XL:     8   Next: 44%
Magic:  4/16       EV: 12    Int: 17    God:
Gold:   327        SH:  0    Dex: 12    Spells: 8/17 levels left

rFire    . . .     SeeInvis .   d - +2 falchion (elec)
rCold    . . .     Faith    .   (no shield)
rNeg     + . .     Spirit   .   c - +1 robe
rPois    ∞         Reflect  .   (no helmet)
rElec    +         Harm     .   (no cloak)
rCorr    .         Rampage  .   (no gloves)
Will     .....                  (no boots)
Stlth    ++........             (no amulet)
HPRegen  0.14/turn              (no ring)
MPRegen  0.15/turn              (no ring)

@: very slightly contaminated
A: sickness immunity, AC +5, negative energy resistance 1, electricity
resistance, torment resistance 1, petrification resistance, agile 1, deformed
body
a: no special abilities


You were on level 6 of the Dungeon.
You visited 2 branches of the dungeon, and saw 7 of its levels.
You also visited: Sewer.

You collected 327 gold pieces.

Inventory:

Hand Weapons
 d - a +2 falchion of electrocution (weapon)
 g - a +0 short sword
 l - a +0 flail
 p - a +0 dire flail of protection
Missiles
 b - 85 stones
Armour
 c - a +1 robe (worn)
Jewellery
 e - a ring of fire
Scrolls
 f - a scroll of enchant armour
 j - 3 scrolls of teleportation
 q - a scroll of acquirement {unknown}
 r - a scroll of magic mapping
 s - a scroll of enchant weapon {unknown}
Potions
 a - 4 potions of curing
 h - 2 potions of attraction
 i - a potion of magic {unknown}
 k - a potion of ambrosia {unknown}
 m - a potion of flight {unknown}
 o - a potion of lignification {unknown}


   Skills:
 + Level 1.3 Fighting
 + Level 1.2 Maces & Flails
 + Level 1.3 Armour
 + Level 2.0 Dodging
 - Level 2.1 Stealth
 + Level 5.3 Spellcasting
 + Level 5.3 Conjurations
 - Level 0.7 Transmutations
 + Level 7.5 Earth Magic


You had 8 spell levels left.
You knew the following spells:

 Your Spells              Type           Power      Damage    Failure   Level
a - Sandblast             Erth           60%        2d14      1%          1
b - Stone Arrow           Conj/Erth      52%        3d10      3%          3
c - Lee's Rapid Deconstr  Erth           15%        3d11*     17%         5

Your spell library contained the following spells:

 Spells                   Type           Power      Damage    Failure   Level
 Passwall                 Tmut/Erth      15%        N/A       3%          2
 Petrify                  Tmut/Erth      18%        N/A       26%         4


Dungeon Overview and Level Annotations

Branches:
Dungeon (6/15)             Temple (1/1) D:5           Sewer (visited)

Altars:
Ashenzari
Cheibriados
Elyvilon
Fedhas
Gozag
Hepliaklqana
Kikubaaqudgha
Makhleb
Nemelex Xobeh
Okawaru
Qazlal
Ru
Trog
Uskayaw
Wu Jian
Xom
Zin
The Shining One

Shops:
D:5 (

Annotations:
D:6 Edmund


Innate Abilities, Weirdness & Mutations

You are immune to sickness and miasma.
Your stone body is resilient. (AC +5)
You are immune to poison.
You resist negative energy. (rN+)
You are resistant to electric shocks. (rElec)
You are resistant to unholy torment.
You are immune to petrification.
You are agile. (Dex +2)
Armour fits poorly on your strangely shaped body.


Message History

Edmund is moderately wounded.
The blast of rock fragments hits the hound!
You kill the hound!
The blast of rock fragments hits the black bear!
The black bear is almost dead.
Unknown command.
Unknown command.
Unknown command.
You barely miss the black bear.
The black bear is almost dead.
The black bear goes berserk!
You hit the black bear.
The black bear is almost dead.
The black bear misses you. The black bear claws you.
The black bear closely misses you. The black bear bites you.
The black bear claws you.
The black bear claws you but does no damage.
You closely miss the black bear.
The black bear is almost dead.
A bullfrog comes into view.
The black bear bites you. The black bear claws you. x2
The black bear bites you. The black bear claws you. x2
* * * LOW HITPOINT WARNING * * *
The bullfrog moves out of view.
The black bear closely misses you.
You riposte.
You barely miss the black bear.
The black bear is almost dead.
The black bear completely misses you. The black bear claws you.
* * * LOW HITPOINT WARNING * * *
You feel much better. The black bear bites you!
* * * LOW HITPOINT WARNING * * *
The black bear claws you.
* * * LOW HITPOINT WARNING * * *
The black bear claws you but does no damage.
Unknown command.
As you read the scroll labelled TUISOO FOUNK, it crumbles to dust.
It is a scroll of enchant armour.
Your +0 robe glows green for a moment.
The black bear bites you.
* * * LOW HITPOINT WARNING * * *
The black bear barely misses you. The black bear claws you.
You die...

.........
........#####.#
#........#.###..
#............#.. .
#.................
####..#...#......
#######o##........
#.....h@..#.....#
#.....@...#.##.$####
#.......)...........
#......<).......<...
#.........)...#.....
#######.......# ....
#.......# ...
##........ ..
.......... .
#...........


You could see Edmund, a black bear (berserk) and an orc.

Vanquished Creatures
  A water moccasin (Sewer)
  An orc warrior (D:5)
  A necrophage (D:4)
  3 centaurs (D:5)
  A bullfrog (D:3)
  3 scorpions
  A gnoll shaman (D:6)
  3 hounds
  A centaur skeleton (D:4)
  An iguana (D:3)
  2 orc wizards
  3 gnolls
  5 adders
  A shadow imp (D:5)
  An ufetubus (D:5)
  A worm (D:2)
  3 dart slugs
  19 orcs
  4 bats
  12 endoplasms
  8 giant cockroaches
  8 goblins
  5 hobgoblins
  10 jackals
  10 kobolds
  3 quokkas
  8 ball pythons
  A frilled lizard (D:2)
  9 rats
129 creatures vanquished.

Notes
Turn   | Place    | Note
-------+----------+-------------------------------------------
     0 | D:1      | mlvdm the Gargoyle Earth Elementalist began the quest for
                  | the Orb.
     0 | D:1      | Reached XP level 1. HP: 10/10 MP: 3/3
   336 | D:1      | Reached skill level 4 in Earth Magic
   336 | D:1      | Reached XP level 2. HP: 13/15 MP: 5/5
  1533 | D:1      | Reached XP level 3. HP: 12/19 MP: 3/6
  1537 | D:1      | Learned a level 3 spell: Stone Arrow
  2897 | D:2      | Reached skill level 1 in Conjurations
  2962 | D:2      | Found a faded altar of an unknown god.
  3104 | D:2      | Reached XP level 4. HP: 19/24 MP: 4/8
  3594 | D:3      | Noticed a bullfrog
  3597 | D:3      | Killed a bullfrog
  3598 | D:3      | Reached skill level 5 in Earth Magic
  3598 | D:3      | Reached XP level 5. HP: 26/28 MP: 5/9
  3604 | D:3      | Learned a level 5 spell: Lee's Rapid Deconstruction
  3717 | D:3      | Found a glowing drain.
  3767 | Sewer    | Entered a sewer
  3916 | Sewer    | Noticed a water moccasin
  3922 | Sewer    | Killed a water moccasin
  3923 | Sewer    | Reached XP level 6. HP: 31/32 MP: 7/11
  4210 | D:3      | Found a hide-covered altar of Uskayaw.
  4434 | D:3      | Found an ornate altar of the Wu Jian Council.
  4600 | D:3      | Reached skill level 6 in Earth Magic
  5392 | D:4      | Reached XP level 7. HP: 33/36 MP: 13/13
  6022 | D:4      | Found a snail-covered altar of Cheibriados.
  6137 | D:4      | Found a white marble altar of Elyvilon.
  6276 | D:5      | Entered Level 5 of the Dungeon
  6276 | D:5      | Found a blossoming altar of Fedhas.
  6572 | D:5      | Found Vyat's Antique Weapon Emporium.
  6580 | D:5      | Reached skill level 7 in Earth Magic
  6738 | D:5      | Reached skill level 5 in Spellcasting
  6742 | D:5      | Reached skill level 5 in Conjurations
  6742 | D:5      | Reached XP level 8. HP: 31/41 MP: 15/15
  6862 | D:5      | Gained mutation: Armour fits poorly on your strangely
                  | shaped body. [potion of mutation]
  6862 | D:5      | Gained mutation: You possess an exceptional clarity of
                  | mind. [potion of mutation]
  6863 | D:5      | Lost mutation: You possess an exceptional clarity of mind.
                  | [potion of mutation]
  6863 | D:5      | Lost mutation: Armour fits poorly on your strangely shaped
                  | body. [potion of mutation]
  6863 | D:5      | Gained mutation: You are agile. (Dex +2) [potion of
                  | mutation]
  6863 | D:5      | Gained mutation: Armour fits poorly on your strangely
                  | shaped body. [potion of mutation]
  6874 | D:5      | Found a staircase to the Ecumenical Temple.
  6887 | Temple   | Entered the Ecumenical Temple
  7377 | D:5      | Found an opulent altar of Gozag.
  7470 | D:5      | Reached skill level 1 in Fighting
  7470 | D:5      | Reached skill level 1 in Armour
  7470 | D:5      | Found a blossoming altar of Fedhas.
  7731 | D:5      | Reached skill level 1 in Maces & Flails
  7919 | D:6      | Noticed Edmund
  7934 | D:6      | Slain by a black bear

Illustrated notes

Levels and vault maps discovered:
D:1:      scummos_arrival_star, layout_loops_ring, serial_bayou_lagoon_a
D:2:      layout_basic, ebering_ecumenical_altar_rust, eino_curves_02
D:3:      layout_basic, old_standard_altar, lemuel_doored_altar,
          gup_sewer_entry_glass
D:4:      layout_loops_cross, grunt_temple_overflow_open, roderic_roman_lattice
D:5:      layout_cave_pools, overflow_temple_1_default,
          fedhas_bush_and_centaur_altar, minmay_temple_entry_arrows,
          serial_shops, shop, kennysheep_diamond
D:6:      layout_rooms, vehumet_crystals, uniq_pikel, uniq_grinder, uniq_edmund
Temple:   minmay_temple_bridge_abc

Skill      XL: |  1  2  3  4  5  6  7  8 |
---------------+-------------------------+-----
Earth Magic    | 4 5 6 7 |  7.5
Conjurations   | 1 2 3 5 |  5.3
Spellcasting   | 3 4 5 |  5.3
Fighting       | 1 |  1.3
Armour         | 1 |  1.3
Maces & Flails | 1 |  1.2
Dodging        | 2 |  2.0
Stealth        | |  2.1
Transmutations | |  0.7

Action                   |  1- 3 |  4- 6 |  7- 9 || total
-------------------------+-------+-------+-------++-------
Melee: Unarmed           |    21 |       |       ||    21
       Club              |    43 |       |       ||    43
       Short sword       |    82 |    47 |       ||   129
       Falchion          |       |    29 |    94 ||   123
 Cast: Sandblast         |    18 |    39 |     8 ||    65
       Stone Arrow       |       |     2 |     5 ||     7
       Lee's Rapid Decon |       |       |     1 ||     1
  Use: Scroll            |       |     7 |     4 ||    11
       Potion            |       |       |     5 ||     5
 Stab: Sleeping          |     8 |     1 |     3 ||    12
Armor: Robe              |    46 |    42 |    77 ||   165
Dodge: Dodged            |    94 |    56 |   124 ||   274
       Rpst.: Falchion   |       |     7 |    30 ||    37

Table legend: (Time is in decaauts)
 A = Elapsed time spent in this place.
 B = Non-inter-level travel time spent in this place.
 C = Inter-level travel time spent in this place.
 D = Time resting spent in this place.
 E = Time spent auto-exploring this place.
 F = Levels seen in this place.
 G = Mean time per level.
                   A        B        C        D        E       F      G
               +--------+--------+--------+--------+--------+-----+--------+
         Total |   8016 |   7715 |    301 |    555 |   6116 |   8 | 1002.0 |
       Dungeon |   7536 |   7253 |    283 |    490 |   5790 |   6 | 1256.0 |
        Temple |    236 |    218 |     18 |      0 |    200 |   1 |  236.0 |
         Sewer |    242 |    242 |      0 |     65 |    126 |   1 |  242.0 |
               +--------+--------+--------+--------+--------+-----+--------+

Top non-repeatable levels by time:
     D:1: 1973 daAuts
     D:2: 1651 daAuts
     D:3: 1509 daAuts
     D:5: 1336 daAuts
     D:4: 1012 daAuts
   Sewer: 242 daAuts
  Temple: 236 daAuts
     D:6: 53 daAuts
